 Dungeon Crawl Stone Soup version 0.26-b1-32-g5d43845318 (webtiles) character file.

Game seed: 1460710004820510084

32 Borgoz the Ducker (level 3, -4/30 HPs)
             Began as a Ghoul Gladiator on Jan 13, 2021.
             Killed from afar by Sigmund (7 damage)
             ... with a magic dart
             ... on level 2 of the Dungeon.
             The game lasted 00:01:34 (1315 turns).

Borgoz the Ducker (Ghoul Gladiator)                 Turns: 1315, Time: 00:01:35

Health: -4/30      AC:  4    Str: 18    XL:     3   Next: 27%
Magic:  2/2        EV: 11    Int:  3    God:
Gold:   35         SH:  0    Dex: 10    Spells: 2/2 levels left

rFire    + . .     SeeInvis .   a - +1 flail
rCold    + . .     Faith    .   m - +0 buckler
rNeg     + + +     Spirit   .   b - +0 leather armour
rPois    ∞         Reflect  .   c - +0 helmet
rElec    .         Harm     .   (no cloak)
rCorr    .         Rampage  .   (no gloves)
Will     .....                  (no boots)
Stlth    ..........             (no amulet)
HPRegen  0.00/turn              e - ring of protection from fire
MPRegen  0.08/turn              (no ring)

@: confused
A: claws 1, cold resistance 1, negative energy resistance 3, inhibited
regeneration, torment resistance, unbreathing
a: no special abilities


You were on level 2 of the Dungeon.
You visited 1 branch of the dungeon, and saw 2 of its levels.

You collected 35 gold pieces.

Inventory:

Hand Weapons
 a - a +1 flail (weapon)
Missiles
 d - a throwing net (quivered)
Armour
 b - a +0 leather armour (worn)
 c - a +0 helmet (worn)
 m - a +0 buckler (worn)
Jewellery
 e - a ring of protection from fire (left claw)
Scrolls
 h - 3 scrolls of enchant weapon
 j - a scroll of amnesia


   Skills:
 * Level 2.7 Fighting
 * Level 3.0 Maces & Flails
 - Level 1.7 Throwing
 * Level 1.0 Armour
 * Level 3.0 Dodging


You had 2 spell levels left.
You didn't know any spells.
Your spell library was empty.

Dungeon Overview and Level Annotations

Branches:
Dungeon (2/15)

Altars:

Annotations:
D:2 Jessica, Sigmund


Innate Abilities, Weirdness & Mutations

You thrive by killing the living.
You are immune to poison.
You have sharp fingernails.
Your flesh is cold resistant. (rC+)
You are immune to negative energy. (rN+++)
You do not regenerate when monsters are visible.
You are immune to unholy pain and torment.
You can survive without breathing.


Message History

Jessica blinks!
The goblin shoots a stone.
The stone hits you.
* * * LOW HITPOINT WARNING * * *
Sigmund says, "Your kind have come here before.
I understand now why.
You desire death..."
Sigmund drinks a potion.
Sigmund is healed!
You closely miss Sigmund.
Sigmund is heavily wounded.
Jessica hits you.
* * * LOW HITPOINT WARNING * * *
Sigmund barely misses you.
You hit Sigmund.
Sigmund is severely wounded.
Jessica barely misses you. Jessica hits you but does no damage.
Sigmund casts a spell at you.
You are confused.
You bump into the rock wall.
Jessica casts a spell.
Jessica blinks!
Sigmund casts a spell at you. The magic dart hits you!
You die...

.##### *,* * .....# *,* * ##.#.#
*,* * #.#.# ########### *,* *****
#.#.# #.....,,.(#*******,***,,,,
#.#.# #.##..,,...>,,,,,,,**,,⌠,,
#.#.# #.##.#**#@#*,,,,,,,,,,8,8,
#.#.# #.##.# #@#*,********,,,,,
#.#.###.##.# #@#*,* ***,*,
#.#.##.....####§##,* *,,,
##>..##..##>....g.#,* ***,
............####..#,* **
......##.#### #..#,*************
##.##.##.# #....,,,,,,,,,,,,,
#.##.##.#* *#.#..#************
##.##.#...*****.......,,,,,,,,,,,
..........,,,,,..#.####**********


You could see Sigmund, Jessica (fast) and a goblin.

Vanquished Creatures
  2 worms (D:2)
  A dart slug (D:1)
  A giant cockroach (D:1)
  3 goblins (D:1)
  2 hobgoblins (D:1)
  4 bats
  A frilled lizard (D:1)
  4 kobolds (D:1)
  8 rats
26 creatures vanquished.

Notes
Turn   | Place    | Note
-------+----------+-------------------------------------------
     0 | D:1      | Borgoz the Ghoul Gladiator began the quest for the Orb.
     0 | D:1      | Reached XP level 1. HP: 17/17 MP: 0/0
   258 | D:1      | Reached XP level 2. HP: 25/25 MP: 1/1
  1052 | D:2      | Reached XP level 3. HP: 30/30 MP: 2/2
  1200 | D:2      | Reached skill level 1 in Armour
  1299 | D:2      | Noticed Sigmund
  1299 | D:2      | Noticed Jessica
  1315 | D:2      | Killed from afar by Sigmund

Illustrated notes

Levels and vault maps discovered:
D:1:      dpeg_arrival_simpleton_b, layout_basic
D:2:      layout_loops_ring, lemuel_coloured_pillars_altar,
          hangedman_feature_mirror, uniq_sigmund, uniq_jessica

Skill      XL: |  1  2  3 |
---------------+----------+-----
Dodging        | 3 |  3.0
Maces & Flails | 3 |  3.0
Armour         | 1 |  1.0
Fighting       | |  2.7
Throwing       | |  1.7

Action                   || total
-------------------------++-------
Melee: Flail             ||   114
Throw: Throwing net      ||     2
  Use: Scroll            ||     3
       Potion            ||     1
 Stab: Held in net/web   ||     1
Armor: Leather armour    ||    57
Dodge: Dodged            ||    88
Block: Buckler           ||     5
